 Dungeon Crawl Stone Soup version 0.18-a0-1692-g516f9e9 (webtiles) character file.

699351 MDvedh the Executioner (level 27, -20/258 HPs)
             Began as a Minotaur Berserker on Apr 5, 2016.
             Was the Champion of the Shining One.
             Thrown by an iron giant (71 damage)
             ... on level 7 of the Iron City of Dis.
             The game lasted 03:39:59 (55612 turns).

MDvedh the Executioner (Minotaur Berserker)        Turns: 55612, Time: 03:39:59

Health: -20/258    AC: 41    Str: 35    XL:     27
Magic:  1/38       EV: 23    Int:  2    God:    the Shining One [******]
Gold:   6462       SH: 16    Dex: 22    Spells: 0 memorised, 26 levels left

rFire  + . .     SeeInvis .     N - +9 executioner's axe (holy)
rCold  + . .     Gourm    .     B - +2 gold dragon armour
rNeg   + + +     Faith    .     (shield currently unavailable)
rPois  +         Spirit   .     (helmet restricted)
rElec  +         Dismiss  .     L - +2 cloak {MR+}
rCorr  .         Reflect  .     X - +1 pair of gloves {Str+3}
SustAt +         Harm     .     W - +2 pair of boots {run}
MR     +++++     Clarity  +     T - amulet of regeneration
Stlth  ..........               O - ring "Berorgh" {+Blink rPois MR+ Str+7}
                                i - ring "Iczykuuf" {SustAt rElec MR+ Dex+4 Slay+3}

@: divine shield, very slightly contaminated, glowing, quick, almost entirely
resistant to hostile enchantments, extremely unstealthy
A: retaliatory headbutt, beak, horns 2, iridescent scales 1, clarity, clumsy 1,
dopey 1, evolution 2
a: Divine Shield, Cleansing Flame, Summon Divine Warrior, Renounce Religion,
Evoke Blink
}: 5/15 runes: barnacled, slimy, silver, golden, gossamer


You were on level 7 of the Iron City of Dis.
You worshipped the Shining One.
The Shining One was exalted by your worship.
You were not hungry.

You visited 13 branches of the dungeon, and saw 62 of its levels.
You also visited: Labyrinth, Trove, Bailey and Ice Cave.

You collected 8600 gold pieces.
You spent 2138 gold pieces at shops.

Inventory:

Hand Weapons
 N - a +9 executioner's axe of holy wrath (weapon)
Armour
 B - a +2 gold dragon armour (worn)
 L - a +2 cloak of magic resistance (worn)
 W - a +2 pair of boots of running (worn)
 X - a +1 pair of gloves of strength (worn)
Jewellery
 i - the ring "Iczykuuf" (left hand) {SustAt rElec MR+ Dex+4 Slay+3}
   (You found it on level 1 of the Tomb of the Ancients)

   [ring of sustain attributes]

   It sustains your strength, intelligence and dexterity.
   It affects your dexterity (+4).
   It affects your accuracy and damage with ranged weapons and melee attacks
   (+3).
   It insulates you from electricity.
   It affects your resistance to hostile enchantments.
 o - an uncursed ring of resist corrosion
 p - an uncursed ring of protection from cold
 r - an uncursed ring of protection from fire
 u - the ring "Hucyohypoa" {rC+ MR- MP+9 Slay+2}
   (You took it off a tengu reaver on level 5 of the Vaults)

   [ring of magical power]

   It affects your accuracy and damage with ranged weapons and melee attacks
   (+2).
   It protects you from cold.
   It affects your resistance to hostile enchantments.
   It affects your magic capacity (+9).
 w - an uncursed ring of flight
 K - the ring of the Mage {Wiz MR++ Int+3}
   (You found it on level 8 of the Dungeon)

   [ring of wizardry]

   It improves your spell success rate.
   It affects your intelligence (+3).
   It affects your resistance to hostile enchantments.
 O - the ring "Berorgh" (right hand) {+Blink rPois MR+ Str+7}
   (You found it on level 2 of the Lair of Beasts)

   [ring of poison resistance]

   It affects your strength (+7).
   It protects you from poison.
   It affects your resistance to hostile enchantments.
   It lets you blink.
 P - the ring "Cyloed" {rC+ MR+}
   (You bought it in a shop on level 2 of the Orcish Mines)

   [ring of protection from cold]

   It protects you from cold.
   It affects your resistance to hostile enchantments.
 Q - the amulet "Loeheud" {Reflect Str+2 SH+5}
   (You took it off a deep elf death mage on level 3 of the Elven Halls)

   [amulet of reflection]

   It shields you and reflects attacks.
   It affects your strength (+2).
   It affects your SH (+5).
 T - an amulet of regeneration (around neck)
 V - the ring of Mariyb {+Inv rF+ rN+ SInv}
   (You took it off a deep elf demonologist on level 3 of the Elven Halls)

   [ring of see invisible]

   It protects you from fire.
   It protects you from negative energy.
   It lets you see invisible.
   It lets you turn invisible.
Wands
 d - a wand of teleportation (3/9)
 E - a wand of digging (8/24)
 H - a wand of disintegration (4/24)
 I - a wand of digging (11/24)
Scrolls
 a - 2 scrolls of summoning
 b - 20 scrolls of teleportation
 j - 2 scrolls of identify
 k - 12 scrolls of fear
 l - 9 scrolls of recharging
 t - 11 scrolls of fog
 x - 13 scrolls of remove curse
 A - a scroll of enchant weapon
 G - 7 scrolls of blinking
 J - 2 scrolls of silence
 M - a scroll of holy word
 Z - 4 scrolls of magic mapping
Potions
 e - a potion of resistance
 h - 19 potions of curing
 s - 5 potions of cancellation
 v - 6 potions of magic
 y - 3 potions of might
 z - 5 potions of flight
 D - 2 potions of cure mutation
 U - 2 potions of heal wounds
Miscellaneous
 g - a figurine of a ziggurat
 S - a lamp of fire
Comestibles
 c - 11 bread rations
 m - 7 beef jerkies
 n - 24 fruits
 R - 4 royal jellies


   Skills:
 - Level 23.2 Fighting
 - Level 26.1 Axes
 - Level 22.8 Armour
 - Level 19.7 Dodging
 + Level 25.6 Invocations


You had 26 spell levels left.
You didn't know any spells.

Dungeon Overview and Level Annotations

Branches:
Dungeon (15/15)            Temple (0/1) D:5            Lair (8/8) D:8
 Shoals (4/4) Lair:5       Spider (4/4) Lair:6        Slime (6/6) Lair:6
    Orc (2/2) D:11            Elf (3/3) Orc:2        Vaults (5/5) D:13
  Crypt (3/3) Vaults:3       Tomb (3/3) Crypt:3      Depths (1/5) D:15
   Hell (1/1)                 Dis (7/7) Hell
    Geh: Hell:1         Coc: Hell:1         Tar: Hell:1

Altars:
Ashenzari
Cheibriados
Dithmenos
Elyvilon
Fedhas
Gozag
Kikubaaqudgha
Pakellas
Sif Muna
Trog
Vehumet
Xom
Yredelemnul
The Shining One
Jiyva

Shops:
Orc:2 !=?[   Vaults:1 (

Portals:
Hell: Depths:1
Ziggurat: Depths:1

Annotations:
D:14 exclusions: obsidian statue and orange crystal statue
Lair:8 exclusion: oklob plant
Elf:2 5 runed doors


Innate Abilities, Weirdness & Mutations

You reflexively headbutt those who attack you in melee.
You have a pair of horns on your head.
You have a beak for a mouth.
You are partially covered in iridescent scales (AC +4).
You possess an exceptional clarity of mind.
You are clumsy. (Dex -2)
You are dopey. (Int -2)
You rapidly evolve.


Message History

You slice the iron giant!!
You peck the iron giant, but do no damage.
The iron giant is severely wounded.
Your angel hits the iron giant with a whip of holy wrath!
Your angel hits the iron giant but does no damage.
Unknown command.
You slash the iron giant! You headbutt the iron giant.
You peck the iron giant, but do no damage.
The iron giant is severely wounded.
The iron giant throws you!
* * * LOW HITPOINT WARNING * * *
Unknown command.
Unknown command.
You open the stone giant like a pillowcase!!!
The stone giant is severely wounded.
You block the stone giant's attack.
Unknown command.
The stone giant throws a large rock.
You block the large rock. The iron giant throws you!
You die...

*******######''#########********
*,,,,,..................,,,,,,,,
*,,,,...................,,,,,,,,
*,,,,...................,,,,,,**
*,,,,,........T..#######*,,,,,*
*,,,,,...........# *,,,,,*
*,*****##........# *,,,,,* *,*
#........# *,,∩,,** *,*
#......@÷# *,,,,,,, *,*
#......)9########,****** *,*
#...####C(.......,* *,*
#...#..#(####....,# *,*
#...†.(#C#..#,,,..# *,*
#...#)(#CAA.#,,,..# *,*
#...#∩.#∩#..#,,...# *,*
#...(..#(#..#,....#***** *,*
#...####(####......,,,,,


You could see 2 iron giants, an iron troll, a stone giant, a war gargoyle and a
friendly angel.

Vanquished Creatures
  the Royal Jelly (Slime:6)
  6 ancient liches
  4 iron giants
  24 greater mummies
  Norris (Vaults:1)
  Geryon (Hell)
  Jory (Tomb:2)
  2 Tzitzimimeh
  A bone dragon (Dis:2)
  6 liches
  A Brimstone Fiend (Dis:5)
  Rupert (Lair:6)
  2 Hell Sentinels
  2 tentacled monstrosities
  2 Ice Fiends
  2 deep elf master archers (Elf:3)
  2 deep elf blademasters (Elf:3)
  A titan (Vaults:5)
  17 acid blobs
  2 ancient champions
  8 sphinxes
  Kirke (D:14)
  6 tengu reavers
  5 storm dragons (Vaults:5)
  2 shadow dragons (Vaults:4)
  2 revenants
  2 azure jellies
  10 fire giants
  4 frost giants
  Ilsuiw (Shoals:4)
  Wiglaf (Crypt:3)
  Donald (Orc:2)
  4 deep elf sorcerers
  An orc warlord (Bailey)
  6 emperor scorpions
  Aizul (Elf:1)
  4 iron dragons
  2 ghouls (Crypt:1)
  5 ghost moths
  3 cacodemons
  22 vault wardens
  15 reapers
  34 stone giants
  15 ironheart preservers
  A very ugly thing (Vaults:5)
  4 deep elf elementalists
  4 salamander stormcallers
  3 vampire knights
  3 war gargoyles
  A lorocyproca (Hell)
  4 bennus (Tomb:2)
  6 deep elf annihilators
  7 deep elf demonologists
  A spark wasp (Spider:2)
  3 dire elephants
  8 ettins
  3 merfolk javelineers (Shoals:4)
  4 fire dragons
  4 merfolk impalers (Shoals:4)
  13 eidola
  A minotaur (Lab)
  Josephine (Lair:8)
  28 mummy priests
  An ettin (shapeshifter) (Vaults:4)
  12 deep elf death magi
  A death ooze (Slime:6)
  4 blizzard demons
  37 vault guards
  10 yaktaur captains
  6 great orbs of eyes
  5 deep elf high priests
  A quicksilver dragon zombie (Dis:5)
  2 jiangshi (Crypt:2)
  3 ice dragons
  5 entropy weavers
  4 death knights
  A merfolk avatar (Shoals:4)
  4 hydras (Lair:8)
  An alligator snapping turtle (Shoals:4)
  13 ogre magi
  2 satyrs
  2 merfolk aquamancers
  8 centaur warriors
  A queen ant (Lair:8)
  7 dancing weapons
  An anaconda (Lair:8)
  A deep troll shaman (Depths:1)
  7 titan zombies
  5 deep troll earth magi
  15 death yaks
  2 orc high priests
  5 vampire magi
  4 hell hogs (Dis:1)
  2 sun demons (Hell)
  20 deep elf knights
  4 iron trolls
  8 soul eaters
  6 hell knights (Depths:1)
  5 shadow wraiths
  A fire crab (Vaults:3)
  4 iron golems
  83 death scarabs
  29 skeletal warriors
  A storm dragon skeleton (Crypt:1)
  5 storm dragon zombies
  A wizard (Vaults:3)
  10 unseen horrors
  5 golden dragon zombies
  6 flayed ghosts
  25 deep trolls
  A quicksilver dragon simulacrum (Tomb:2)
  5 sea snakes
  An unseen horror (shapeshifter) (Vaults:4)
  2 anaconda zombies
  2 small abominations
  2 giant orange brains
  16 deep elf archers
  18 anubis guards
  Pikel (D:6)
  15 orc knights
  24 hill giants
  2 shadow dragon zombies
  4 wolf spider zombies
  18 necromancers
  3 iron dragon zombies
  5 harpies
  12 ironbrand convokers
  A golden dragon skeleton (Hell)
  A lindwurm (shapeshifter) (Vaults:4)
  41 ugly things
  4 stone giant zombies
  70 deep elf magi
  2 anaconda skeletons
  15 phantasmal warriors
  A tengu skeleton (Depths:1)
  7 griffons
  A salamander (D:15)
  5 frost giant zombies
  15 orb spiders
  5 orc sorcerers
  28 wolf spiders
  4 shining eyes
  2 hornets (shapeshifter)
  5 manticores
  17 fauns
  7 hornets
  3 sirens
  3 iron dragon skeletons
  10 fire giant zombies
  The ghost of bl4d3 the Ruffian, a novice TrMo (D:6)
  6 cyclopes
  A salamander (shapeshifter) (Vaults:3)
  11 elephants
  2 frost giant skeletons
  A guardian serpent (shapeshifter) (Depths:1)
  4 moths of wrath
  2 black mambas (shapeshifter)
  2 fire giant skeletons
  Joseph (D:8)
  An octopode (shapeshifter) (D:13)
  22 rust devils
  3 orange demons (Hell)
  4 dire elephant zombies
  3 black mambas
  A shock serpent zombie (Dis:2)
  A smoke demon (Hell)
  A gargoyle (D:15)
  2 eyes of devastation
  14 vault sentinels
  A spiny frog (shapeshifter) (Vaults:4)
  A dire elephant skeleton (Dis:2)
  An alligator snapping turtle zombie (Crypt:1)
  3 ice statues (IceCv)
  6 spiny frogs
  2 rime drakes
  A rime drake (shapeshifter) (Vaults:3)
  A catoblepas zombie (Dis:5)
  3 kobold demonologists
  3 hellions
  25 yaktaurs
  2 emperor scorpion zombies
  A komodo dragon (shapeshifter) (Vaults:3)
  6 komodo dragons
  14 freezing wraiths
  17 demonic crawlers
  14 tormentors
  10 hellwings (Crypt:3)
  32 guardian mummies
  A queen bee (shapeshifter) (Vaults:4)
  A harpy zombie (Dis:5)
  9 ice devils
  3 hydra zombies
  13 red devils
  A tengu conjurer (D:14)
  14 merfolk
  A catoblepas skeleton (Dis:2)
  14 trolls
  A merfolk (shapeshifter) (Vaults:4)
  10 polar bears
  A slime creature (shapeshifter) (Vaults:4)
  25 jumping spiders
  A two-headed ogre (shapeshifter) (Vaults:4)
  A blink frog (shapeshifter) (Vaults:2)
  10 boulder beetles
  3 harpy skeletons
  A hydra skeleton (Tomb:3)
  3 alligator zombies
  A wind drake (Shoals:4)
  56 slime creatures
  8 ushabtiu
  26 two-headed ogres
  2 bog bodies (Crypt:1)
  An ice dragon zombie (Dis:5)
  3 fire dragon zombies
  7 blink frogs
  3 ettin zombies
  A snapping turtle (Shoals:4)
  A black mamba zombie (Crypt:3)
  A fire giant simulacrum (Vaults:4)
  8 shadows
  4 air elementals
  81 redbacks
  2 ettin skeletons
  43 flying skulls
  2 fire dragon skeletons
  20 wraiths
  A wyvern (D:15)
  A vampire (D:15)
  A black mamba skeleton (Crypt:3)
  30 tarantellas
  7 water elementals
  A dire elephant simulacrum (Hell)
  10 hippogriffs
  56 yaks
  2 basilisks
  A steam dragon (Lair:6)
  11 vampire mosquitoes
  A hungry ghost (D:8)
  3 mottled dragons
  A yaktaur simulacrum (Vaults:4)
  A merfolk zombie (Crypt:3)
  14 soldier ants
  5 wargs
  A spatial vortex (Dis:7)
  18 water moccasins
  A spiny frog zombie (Dis:7)
  17 hell hounds
  3 spiny frog skeletons
  17 porcupines
  A gelid demonspawn skeleton (Crypt:1)
  32 orc warriors
  2 swamp drakes (Lair:6)
  3 phantoms
  2 slaves (D:6)
  4 wasps
  A manticore zombie (Crypt:2)
  4 sky beasts
  An eye of draining (shapeshifter) (Vaults:3)
  7 eyes of draining
  11 ice beasts
  6 necrophages
  A snapping turtle zombie (Dis:4)
  12 black bears
  78 ogres
  An elf zombie (Vaults:4)
  A fire dragon simulacrum (Tomb:2)
  12 wolves
  16 centaurs
  22 crocodiles
  A swamp dragon skeleton (Crypt:2)
  A hog skeleton (Crypt:2)
  25 giant frogs
  7 big kobolds
  A komodo dragon skeleton (Crypt:2)
  2 earth elementals
  A dryad zombie (Crypt:2)
  A polar bear zombie (Crypt:2)
  A scorpion (D:13)
  6 wyvern skeletons
  A human simulacrum (Vaults:3)
  A warg skeleton (Crypt:2)
  4 killer bees (D:8)
  31 wights
  5 howler monkeys
  4 centaur zombies
  9 crimson imps
  2 giant frog zombies
  A wasp zombie (Crypt:1)
  24 jellies
  5 hounds
  20 orc wizards
  7 centaur skeletons
  2 gnoll shamans
  22 orc priests
  13 iron imps
  A jelly (shapeshifter) (Vaults:5)
  3 giant frog skeletons
  22 hell rats
  Ijyb (D:3)
  8 iguanas
  45 worker ants
  A porcupine skeleton (Crypt:2)
  A naga zombie (Crypt:1)
  9 sheep
  A tengu zombie (Crypt:3)
  A centaur simulacrum (D:8)
  A felid skeleton (Crypt:2)
  A hound zombie (D:10)
  3 hound skeletons
  53 mummies
  2 howler monkey zombies
  15 gnolls
  34 river rats
  13 adders
  A shadow imp (D:6)
  2 white imps (Hell)
  4 worms (D:3)
  An adder simulacrum (D:8)
  2 dart slugs
  A giant gecko (D:10)
  68 orcs
  2 goblins
  3 hobgoblins
  5 jackals
  5 quokkas
  3 bats
  A giant gecko zombie (D:6)
  5 giant newts
  A goblin skeleton (Crypt:1)
  51 kobolds
  2 kobold zombies
  An orc zombie (Hell)
  A quokka zombie (D:8)
  5 rats
  5 bushes
  A butterfly (Lair:2)
  4 crawling corpses
  2 fire vortices (Vaults:5)
  13 fungi
  3 lost souls (Crypt:3)
  25 plants
  2 withered plants (Crypt:3)
2756 creatures vanquished.

Vanquished Creatures (collateral kills)
  2 iron giants (Dis:7)
  A Hell Sentinel (Dis:7)
  An acid blob (Slime:6)
  A frost giant (Vaults:4)
  A vault warden (Vaults:4)
  An ironheart preserver (Vaults:4)
  3 stone giants
  A merfolk impaler (Shoals:4)
  2 death oozes (Slime:6)
  A yaktaur captain (Vaults:4)
  3 hydras
  A merfolk aquamancer (Shoals:4)
  2 satyrs (Shoals:4)
  A skeletal warrior (Vaults:1)
  A hill giant (Vaults:1)
  An orb spider (Spider:1)
  An orc knight (Vaults:1)
  A wolf spider (Spider:4)
  A hornet (Spider:4)
  A manticore (Shoals:3)
  A water nymph (Shoals:4)
  A demonic crawler (Spider:4)
  A freezing wraith (Vaults:4)
  2 jumping spiders (Spider:4)
  A snapping turtle (Shoals:4)
  A redback (Spider:4)
  A tarantella (Spider:4)
  A golden eye (Slime:6)
  2 orc warriors (Vaults:1)
  An orc (Vaults:1)
39 creatures vanquished.

Vanquished Creatures (others)
  A shadow wraith (Vaults:1)
  A phantasmal warrior (Vaults:5)
  An orb spider (Spider:1)
  A dire elephant skeleton (Tomb:3)
  A jumping spider (Spider:2)
  A guardian mummy (Tomb:2)
  A hydra skeleton (Tomb:2)
  6 flying skulls (Tomb:2)
  A fire giant simulacrum (Tomb:3)
  5 humans
  An ogre (Orc:2)
  18 bushes (D:15)
  17 fungi
  5 lost souls
  13 plants
73 creatures vanquished.

Grand Total: 2868 creatures vanquished

Notes
Turn   | Place    | Note
--------------------------------------------------------------
     0 | D:1      | MDvedh the Minotaur Berserker began the quest for the Orb.
     0 | D:1      | Reached XP level 1. HP: 19/19 MP: 0/0
   147 | D:1      | Reached skill level 4 in Axes
   390 | D:1      | Reached XP level 2. HP: 12/26 MP: 1/1
   923 | D:2      | You fall through a shaft!
   923 | D:3      | Noticed Ijyb
   932 | D:3      | Killed Ijyb
   932 | D:3      | Reached skill level 5 in Axes
   932 | D:3      | Reached XP level 3. HP: 31/31 MP: 2/2
  1182 | D:3      | Reached skill level 6 in Axes
  1182 | D:3      | Reached XP level 4. HP: 39/39 MP: 3/3
  1359 | D:3      | Reached ** piety under Trog
  1854 | D:3      | Reached skill level 7 in Axes
  1854 | D:3      | Reached XP level 5. HP: 45/45 MP: 4/4
  2104 | D:4      | Noticed an ogre
  2111 | D:4      | Killed an ogre
  2111 | D:4      | Reached skill level 8 in Axes
  2111 | D:4      | Reached XP level 6. HP: 51/51 MP: 5/5
  2385 | D:4      | Reached skill level 9 in Axes
  2657 | D:4      | Found a basalt altar of Yredelemnul.
  3030 | D:4      | Reached XP level 7. HP: 37/57 MP: 6/6
  3342 | D:5      | Entered Level 5 of the Dungeon
  3485 | D:5      | Reached skill level 10 in Axes
  3489 | D:5      | Gained mutation: You are covered in fur (AC +1). [mutagenic meat]
  3490 | D:5      | Gained mutation: You are dopey. (Int -2) [mutagenic meat]
  3491 | D:5      | Gained mutation: You have large cloven feet. [mutagenic meat]
  3493 | D:5      | Gained mutation: Your flesh is cold resistant. [mutagenic meat]
  3525 | D:5      | Found a staircase to the Ecumenical Temple.
  3545 | D:5      | Found a shattered altar of Ashenzari.
  3640 | D:5      | Found a white marble altar of Elyvilon.
  3642 | D:5      | Found a bloodstained altar of Trog.
  3643 | D:5      | Found an oddly glowing altar of Pakellas.
  3643 | D:5      | Found a deep blue altar of Sif Muna.
  4233 | D:6      | Noticed bl4d3's ghost (novice TrMo)
  4243 | D:6      | Killed bl4d3's ghost
  4243 | D:6      | Reached skill level 11 in Axes
  4243 | D:6      | Reached XP level 8. HP: 64/64 MP: 7/7
  4293 | D:6      | Got a flickering turquoise ring
  4336 | D:6      | Reached skill level 12 in Axes
  4594 | D:6      | Noticed Pikel
  4607 | D:6      | Killed Pikel
  4607 | D:6      | Reached skill level 13 in Axes
  5154 | D:7      | Reached XP level 9. HP: 70/70 MP: 8/8
  5158 | D:7      | Reached *** piety under Trog
  5160 | D:7      | Reached skill level 14 in Axes
  5456 | D:7      | Found a snail-covered altar of Cheibriados.
  5530 | D:7      | Identified the ring of Contentment {Wiz Str+2} (You found it on level 6 of the Dungeon)
  5596 | D:7      | Found a shimmering altar of Xom.
  5898 | D:8      | Found a flagged portal.
  5922 | D:8      | Reached skill level 15 in Axes
  5932 | D:8      | Noticed an elephant
  6061 | D:8      | Killed an elephant
  6113 | Bailey   | Entered a bailey
  6118 | Bailey   | Noticed an orc warlord
  6299 | Bailey   | Noticed an orc knight
  6316 | Bailey   | Killed an orc knight
  6316 | Bailey   | Reached skill level 16 in Axes
  6356 | Bailey   | Found a runed gate.
  6368 | Bailey   | Found a runed gate.
  6384 | Bailey   | Found a runed gate.
  6391 | Bailey   | Noticed an orc knight
  6402 | Bailey   | Killed an orc knight
  6402 | Bailey   | Reached XP level 10. HP: 77/77 MP: 9/9
  6484 | Bailey   | Killed an orc warlord
  6484 | Bailey   | Reached skill level 17 in Axes
  6515 | Bailey   | Lost mutation: Your flesh is cold resistant. [potion of cure mutation]
  6515 | Bailey   | Lost mutation: You have large cloven feet. [potion of cure mutation]
  6515 | Bailey   | Lost mutation: You are dopey. (Int -2) [potion of cure mutation]
  6515 | Bailey   | Lost mutation: You are covered in fur (AC +1). [potion of cure mutation]
  6516 | Bailey   | Gained mutation: You have a pair of large horns on your head. [potion of beneficial mutation]
  6617 | D:8      | Found a staircase to the Lair.
  6655 | D:8      | Found a glowing golden altar of the Shining One.
  6664 | D:8      | Noticed Joseph
  6673 | D:8      | Killed Joseph
  6715 | D:8      | Found a blossoming altar of Fedhas.
  6877 | D:8      | Found a shadowy altar of Dithmenos.
  6889 | D:8      | Reached skill level 18 in Axes
  7075 | D:8      | Found a large runed door.
  7083 | D:8      | Reached **** piety under Trog
  7093 | D:8      | Reached skill level 5 in Fighting
  7135 | D:8      | Found a large runed door.
  7164 | D:8      | Found an opulent altar of Gozag.
  7170 | D:8      | Found a glowing golden altar of the Shining One.
  7662 | Lair:1   | Entered Level 1 of the Lair of Beasts
  7667 | Lair:1   | Reached skill level 5 in Armour
  7749 | Lair:1   | Reached XP level 11. HP: 88/88 MP: 10/10
  8345 | Lair:1   | Noticed an eight-headed hydra
  8348 | Lair:1   | Killed an eight-headed hydra
  8405 | Lair:1   | Noticed a six-headed hydra
  8413 | Lair:1   | Killed a seven-headed hydra
  9620 | Lair:2   | Got a flickering glass ring
  9622 | Lair:2   | Identified the ring "Berorgh" {+Blink rPois MR+ Str+7} (You found it on level 2 of the Lair of Beasts)
 10188 | Lair:3   | Noticed a seven-headed hydra
 10195 | Lair:3   | Killed a seven-headed hydra
 11057 | Lair:4   | Noticed a death yak
 11058 | Lair:4   | Noticed a death yak
 11059 | Lair:4   | Noticed a death yak
 11059 | Lair:4   | Noticed a death yak
 11061 | Lair:4   | Noticed a death yak
 11062 | Lair:4   | Noticed a death yak
 11063 | Lair:4   | Killed a death yak
 11063 | Lair:4   | Reached skill level 10 in Fighting
 11068 | Lair:4   | Killed a death yak
 11068 | Lair:4   | Reached XP level 12. HP: 106/106 MP: 11/11
 11071 | Lair:4   | Killed a death yak
 11071 | Lair:4   | Reached skill level 10 in Armour
 11076 | Lair:4   | Killed a death yak
 11079 | Lair:4   | Killed a death yak
 11083 | Lair:4   | Killed a death yak
 11973 | Lair:5   | Reached ***** piety under Trog
 12065 | Lair:5   | Found a staircase to the Shoals.
 12124 | Lair:5   | Gained mutation: You occasionally shout uncontrollably at your foes. [potion of mutation]
 12124 | Lair:5   | Gained mutation: You are partially covered in iridescent scales (AC +4). [potion of mutation]
 12124 | Lair:5   | Gained mutation: You possess an exceptional clarity of mind. [potion of mutation]
 12621 | Lair:6   | Noticed Rupert
 12625 | Lair:6   | Paralysed by Rupert for 2 turns
 12631 | Lair:6   | Killed Rupert
 12822 | Lair:6   | Found a hole to the Spider Nest.
 12883 | Lair:6   | Found a glowing golden altar of the Shining One.
 13139 | Lair:6   | Found a viscous altar of Jiyva.
 13140 | Lair:6   | Found a staircase to the Slime Pits.
 13772 | Lair:7   | Received a gift from Trog
 13958 | Lair:7   | Reached skill level 19 in Axes
 13958 | Lair:7   | Reached XP level 13. HP: 114/119 MP: 12/12
 14129 | Lair:7   | Found a labyrinth entrance.
 14137 | Lab      | Entered a labyrinth
 14639 | Lab      | Noticed a minotaur
 14641 | Lab      | Killed a minotaur
 15145 | Lair:8   | Entered Level 8 of the Lair of Beasts
 15259 | Lair:8   | Reached skill level 20 in Axes
 15274 | Lair:8   | Found a frozen archway.
 15335 | IceCv    | Entered an ice cave
 16024 | Lair:8   | Received a gift from Trog
 16084 | Lair:8   | Gained mutation: You evolve. [potion of mutation]
 16084 | Lair:8   | Lost mutation: You have a pair of large horns on your head. [potion of mutation]
 16124 | Lair:8   | Reached skill level 21 in Axes
 16183 | Lair:8   | Noticed Josephine
 16193 | Lair:8   | Killed Josephine
 16193 | Lair:8   | Received a gift from Trog
 16438 | Lair:8   | Gained mutation: Your movements are slightly less encumbered by armour (ER -2). [evolution]
 16583 | Lair:8   | Reached XP level 14. HP: 112/127 MP: 13/13
 16846 | Lair:8   | Reached skill level 22 in Axes
 16853 | Lair:8   | Identified a scroll of acquirement
 16918 | Lair:8   | Reached ****** piety under Trog
 17573 | D:9      | Received a gift from Trog
 18043 | D:10     | Entered Level 10 of the Dungeon
 18402 | D:10     | Reached skill level 23 in Axes
 18600 | D:10     | Received a gift from Trog
 19270 | D:11     | Found a staircase to the Orcish Mines.
 19366 | Orc:1    | Entered Level 1 of the Orcish Mines
 19396 | Orc:1    | Noticed a stone giant
 19406 | Orc:1    | Killed a stone giant
 19694 | Orc:2    | Entered Level 2 of the Orcish Mines
 19834 | Orc:2    | Found Naxif's Antique Armour Shoppe.
 19835 | Orc:2    | Found Zepo Nud's Jewellery Boutique.
 19889 | Orc:2    | Received a gift from Trog
 19903 | Orc:2    | Reached skill level 24 in Axes
 19939 | Orc:2    | Reached XP level 15. HP: 95/134 MP: 14/14
 20117 | Orc:2    | Found Fujottan's Distillery.
 20117 | Orc:2    | Found Jygacs's Magic Scroll Shoppe.
 20126 | Orc:2    | Bought a potion of lignification for 39 gold pieces
 20133 | Orc:2    | Bought a cursed amulet of inaccuracy for 32 gold pieces
 20145 | Orc:2    | Bought a scroll of silence for 97 gold pieces
 20145 | Orc:2    | Bought a scroll of teleportation for 39 gold pieces
 20151 | Orc:2    | Bought the ring "Cyloed" {rC+ MR+} for 601 gold pieces
 20280 | Orc:2    | Found a staircase to the Elven Halls.
 20297 | Orc:2    | Noticed Donald
 20303 | Orc:2    | Killed Donald
 21213 | D:12     | Gained mutation: Your natural rate of healing is unusually fast. [mutagenic meat]
 21708 | D:13     | Found a portal to a secret trove of treasure.
 22061 | D:13     | Received a gift from Trog
 22063 | D:13     | Reached skill level 25 in Axes
 22234 | D:13     | Gained mutation: You expend magic power (3 MP) to strengthen your wands. [evolution]
 22273 | D:13     | Found a gate to the Vaults.
 22924 | D:14     | Noticed Kirke
 22932 | D:14     | Killed Kirke
 23467 | D:14     | Reached skill level 26 in Axes
 23633 | D:15     | Entered Level 15 of the Dungeon
 23804 | D:15     | Received a gift from Trog
 24285 | D:15     | Reached XP level 16. HP: 141/141 MP: 15/15
 24386 | D:15     | Found a staircase to the Depths.
 24931 | Spider:1 | Entered Level 1 of the Spider Nest
 25276 | Spider:1 | Identified a +7 rod of inaccuracy (9/9) (You found it in a labyrinth)
 26090 | Spider:1 | Received a gift from Trog
 26178 | Spider:1 | Reached skill level 5 in Dodging
 26756 | Spider:2 | Received a gift from Trog
 27053 | Spider:3 | Gained mutation: You rapidly evolve. [evolution]
 27868 | Spider:3 | Received a gift from Trog
 28060 | Spider:4 | Entered Level 4 of the Spider Nest
 28507 | Spider:4 | Reached XP level 17. HP: 142/154 MP: 16/16
 28664 | Spider:4 | Received a gift from Trog
 28710 | Spider:4 | Reached skill level 15 in Fighting
 28710 | Spider:4 | Gained mutation: Your system is resistant to poisons. [evolution]
 28809 | Spider:4 | Got a gossamer rune of Zot
 28940 | Spider:4 | Reached skill level 10 in Dodging
 29225 | Shoals:1 | Entered Level 1 of the Shoals
 29460 | Shoals:3 | Reached skill level 15 in Armour
 29865 | Shoals:4 | Entered Level 4 of the Shoals
 29865 | Shoals:4 | Noticed Ilsuiw
 29880 | Shoals:4 | Killed Ilsuiw
 29880 | Shoals:4 | Received a gift from Trog
 30817 | Shoals:4 | Got a barnacled rune of Zot
 31164 | Vaults:1 | Entered Level 1 of the Vaults
 31310 | Vaults:1 | Reached XP level 18. HP: 157/166 MP: 17/17
 31444 | Vaults:1 | Received a gift from Trog
 31532 | Vaults:1 | Found Wikoatin's Antique Weapon Shoppe.
 31683 | Vaults:1 | Noticed Norris
 31696 | Vaults:1 | Killed Norris
 32546 | Vaults:1 | Received a gift from Trog
 34140 | Vaults:3 | Found a staircase to the Crypt.
 34140 | Vaults:3 | Found a basalt altar of Yredelemnul.
 34141 | Vaults:3 | Found an ancient bone altar of Kikubaaqudgha.
 34663 | Vaults:3 | Received a gift from Trog
 34867 | Vaults:4 | Reached XP level 19. HP: 179/179 MP: 18/18
 35446 | Vaults:4 | Received a gift from Trog
 35693 | Vaults:4 | Gained mutation: You have a beak for a mouth. [evolution]
 35856 | Vaults:4 | Noticed a lich
 35974 | Vaults:4 | Killed a lich
 35974 | Vaults:4 | Reached skill level 15 in Dodging
 36322 | Vaults:4 | Received a gift from Trog
 36635 | Orc:2    | Bought a gold dragon hide for 1330 gold pieces
 36676 | Elf:1    | Entered Level 1 of the Elven Halls
 36694 | Elf:1    | Found a radiant altar of Vehumet.
 36933 | Elf:1    | Reached XP level 20. HP: 187/191 MP: 19/19
 37291 | Elf:1    | Received a gift from Trog
 37460 | Elf:1    | Noticed Aizul
 37469 | Elf:1    | Killed Aizul
 38082 | Elf:2    | Received a gift from Trog
 38467 | Elf:2    | Found a huge runed gate.
 38467 | Elf:2    | Found a huge runed gate.
 38467 | Elf:2    | Found a huge runed gate.
 38467 | Elf:2    | Found a huge runed gate.
 38467 | Elf:2    | Found a huge runed gate.
 38537 | Elf:3    | Entered Level 3 of the Elven Halls
 38660 | Elf:3    | Received a gift from Trog
 39037 | Elf:3    | Got a bound graven amulet
 39037 | Elf:3    | Got a scintillating wooden ring
 39037 | Elf:3    | Got a transparent steel ring
 39427 | Elf:3    | Gained mutation: You have sharp toenails. [evolution]
 39470 | Elf:3    | Identified the amulet "Loeheud" {Reflect Str+2 SH+5} (You took it off a deep elf death mage on level 3 of the Elven Halls)
 39471 | Elf:3    | Identified the ring of Mariyb {+Inv rF+ rN+ SInv} (You took it off a deep elf demonologist on level 3 of the Elven Halls)
 39472 | Elf:3    | Identified the ring of Secrets {rN+ Int+6 Stlth-} (You took it off a deep elf elementalist on level 3 of the Elven Halls)
 39483 | Elf:3    | Identified a +1 pair of boots of running (You found it on level 3 of the Elven Halls)
 39521 | Elf:3    | Got a twisted plate armour
 39522 | Elf:3    | Identified the +5 plate armour "Anuc Fai" {rCorr} (You found it on level 3 of the Elven Halls)
 39552 | Elf:3    | Received a gift from Trog
 39918 | Slime:1  | Entered Level 1 of the Pits of Slime
 40042 | Slime:2  | Gained mutation: You are weak. (Str -2) [a shining eye]
 40091 | Slime:2  | Reached XP level 21. HP: 169/202 MP: 16/20
 40564 | Slime:4  | Gained mutation: You tend to lose your temper in combat. [a shining eye]
 40632 | Slime:6  | Entered Level 6 of the Pits of Slime
 40822 | Slime:6  | Found a viscous altar of Jiyva.
 40822 | Slime:6  | Noticed the Royal Jelly
 40827 | Slime:6  | Received a gift from Trog
 40837 | Slime:6  | Killed the Royal Jelly
 40966 | Slime:6  | Got a shimmering tin ring
 40973 | Slime:6  | Got a fine sapphire amulet
 41006 | Slime:6  | Got a slimy rune of Zot
 41017 | Slime:6  | Identified the ring of Remuij {*Tele Dex+4} (You found it on level 6 of the Pits of Slime)
 41019 | Slime:6  | Identified the amulet of the Cuttlefish {Reflect Int+3 SH+3} (You found it on level 6 of the Pits of Slime)
 41352 | Vaults:1 | Lost mutation: You expend magic power (3 MP) to strengthen your wands. [potion of cure mutation]
 41352 | Vaults:1 | Lost mutation: You are weak. (Str -2) [potion of cure mutation]
 41352 | Vaults:1 | Lost mutation: You occasionally shout uncontrollably at your foes. [potion of cure mutation]
 41352 | Vaults:1 | Lost mutation: Your natural rate of healing is unusually fast. [potion of cure mutation]
 41352 | Vaults:1 | Lost mutation: You tend to lose your temper in combat. [potion of cure mutation]
 41846 | Vaults:5 | Entered Level 5 of the Vaults
 41863 | Vaults:5 | Received a gift from Trog
 41977 | Vaults:5 | Reached XP level 22. HP: 146/215 MP: 18/21
 42277 | Vaults:5 | Received a gift from Trog
 42710 | Vaults:5 | Noticed an ancient lich
 42723 | Vaults:5 | Killed an ancient lich
 42733 | Vaults:5 | Got a silver rune of Zot
 42911 | Vaults:5 | Received a gift from Trog
 43087 | Vaults:5 | Got a scintillating golden ring
 43089 | Vaults:5 | Identified the ring "Hucyohypoa" {rC+ MR- MP+9 Slay+2} (You took it off a tengu reaver on level 5 of the Vaults)
 43499 | Depths:1 | Entered Level 1 of the Depths
 43506 | Depths:1 | Found a shimmering altar of Xom.
 43784 | Depths:1 | Found a gateway to Hell.
 43868 | Depths:1 | Reached XP level 23. HP: 226/226 MP: 22/22
 43869 | Depths:1 | Received a gift from Trog
 43893 | Depths:1 | Found a gateway to a ziggurat.
 44144 | Depths:1 | Gained mutation: You tend to lose your temper in combat. [evolution]
 44144 | Depths:1 | Lost mutation: You rapidly evolve. [end of evolution]
 44268 | Depths:1 | Lost mutation: You have sharp toenails. [potion of cure mutation]
 44268 | Depths:1 | Lost mutation: Your system is resistant to poisons. [potion of cure mutation]
 44268 | Depths:1 | Lost mutation: You tend to lose your temper in combat. [potion of cure mutation]
 44268 | Depths:1 | Lost mutation: Your movements are slightly less encumbered by armour (ER -2). [potion of cure mutation]
 44535 | D:8      | Fell from the grace of Trog
 44535 | D:8      | Became a worshipper of the Shining One
 44772 | Crypt:1  | Entered Level 1 of the Crypt
 44835 | Crypt:1  | Reached skill level 1 in Invocations
 44904 | Crypt:1  | Reached * piety under the Shining One
 44980 | Crypt:1  | Reached ** piety under the Shining One
 45108 | Crypt:1  | Reached skill level 5 in Invocations
 45140 | Crypt:1  | Reached *** piety under the Shining One
 45490 | Crypt:2  | Reached **** piety under the Shining One
 45606 | Crypt:2  | Reached ***** piety under the Shining One
 46134 | Crypt:3  | Entered Level 3 of the Crypt
 46434 | Crypt:3  | Noticed Wiglaf
 46441 | Crypt:3  | Killed Wiglaf
 46516 | Crypt:3  | Reached ****** piety under the Shining One
 46579 | Crypt:3  | Found a staircase to the Tomb.
 46579 | Crypt:3  | Noticed a greater mummy
 46593 | Crypt:3  | Killed a greater mummy
 46593 | Crypt:3  | Reached skill level 10 in Invocations
 46905 | Crypt:3  | Found an ancient bone altar of Kikubaaqudgha.
 47129 | Crypt:3  | Noticed an ancient lich
 47135 | Crypt:3  | Killed an ancient lich
 47188 | Crypt:3  | Identified the Grimoire of Shifting Confrontation
 47314 | Crypt:3  | Identified a +9 executioner's axe of holy wrath (a +8 executioner's axe of flaming blessed by the Shining One)
 47314 | Crypt:3  | Received a gift from the Shining One
 47905 | Hell     | Entered the Vestibule of Hell
 47905 | Hell     | Noticed Geryon
 47918 | Hell     | Killed Geryon
 47943 | Hell     | Reached XP level 24. HP: 232/232 MP: 31/31
 48182 | Hell     | Found a gateway to the Iron City of Dis.
 48383 | D:13     | You paid a toll of the horn of Geryon to enter a treasure trove
 48384 | Trove    | Entered a treasure trove
 48829 | Tomb:1   | Entered Level 1 of the Tomb of the Ancients
 49197 | Tomb:1   | Lost intelligence.
 49279 | Tomb:1   | Noticed a greater mummy
 49292 | Tomb:1   | Killed a greater mummy
 49306 | Tomb:1   | Gained mutation: You are dopey. (Int -2) [evolution]
 49446 | Tomb:1   | Got a sparkling pewter ring
 49447 | Tomb:1   | Identified the ring "Iczykuuf" {SustAt rElec MR+ Dex+4 Slay+3} (You found it on level 1 of the Tomb of the Ancients)
 49558 | Tomb:1   | Noticed a greater mummy
 49564 | Tomb:1   | Killed a greater mummy
 49564 | Tomb:1   | Reached skill level 15 in Invocations
 49829 | Tomb:2   | Noticed an ancient lich
 49830 | Tomb:2   | Noticed a greater mummy
 49830 | Tomb:2   | Noticed an ancient lich
 49831 | Tomb:2   | Noticed a greater mummy
 49839 | Tomb:2   | Killed an ancient lich
 49840 | Tomb:2   | Killed a greater mummy
 49840 | Tomb:2   | Killed an ancient lich
 49842 | Tomb:2   | Killed a greater mummy
 50066 | Tomb:2   | Noticed Jory
 50076 | Tomb:2   | Killed Jory
 50247 | Tomb:1   | Noticed a greater mummy
 50249 | Tomb:1   | Noticed a greater mummy
 50490 | Tomb:1   | Killed a greater mummy
 50494 | Tomb:1   | Killed a greater mummy
 50499 | Tomb:1   | Noticed a greater mummy
 50504 | Tomb:1   | Killed a greater mummy
 50529 | Tomb:1   | Noticed a greater mummy
 50533 | Tomb:1   | Killed a greater mummy
 50536 | Tomb:1   | Noticed a greater mummy
 50541 | Tomb:1   | Killed a greater mummy
 50542 | Tomb:1   | Noticed a greater mummy
 50547 | Tomb:1   | Killed a greater mummy
 50547 | Tomb:1   | Reached XP level 25. HP: 231/231 MP: 34/35
 50577 | Tomb:1   | Noticed a greater mummy
 50581 | Tomb:1   | Noticed a greater mummy
 50584 | Tomb:1   | Killed a greater mummy
 50591 | Tomb:1   | Killed a greater mummy
 50592 | Tomb:1   | Noticed a greater mummy
 50602 | Tomb:1   | Noticed a greater mummy
 50605 | Tomb:1   | Killed a greater mummy
 50611 | Tomb:1   | Killed a greater mummy
 50865 | Tomb:1   | Noticed a greater mummy
 50874 | Tomb:1   | Noticed a greater mummy
 50877 | Tomb:1   | Killed a greater mummy
 50891 | Tomb:1   | Killed a greater mummy
 51091 | Tomb:3   | Entered Level 3 of the Tomb of the Ancients
 51124 | Tomb:3   | Noticed a greater mummy
 51175 | Tomb:3   | Killed a greater mummy
 51177 | Tomb:3   | Noticed a greater mummy
 51199 | Tomb:2   | Gained mutation: You rapidly evolve. [evolution]
 51349 | Tomb:3   | Killed a greater mummy
 51356 | Tomb:3   | Noticed a greater mummy
 51357 | Tomb:3   | Noticed an ancient lich
 51358 | Tomb:3   | Noticed a greater mummy
 51484 | Tomb:3   | Killed a greater mummy
 51486 | Tomb:3   | Killed a greater mummy
 51489 | Tomb:3   | Killed an ancient lich
 51500 | Tomb:3   | Noticed a greater mummy
 51513 | Tomb:3   | Killed a greater mummy
 51525 | Tomb:3   | Noticed a greater mummy
 51536 | Tomb:3   | Killed a greater mummy
 51551 | Tomb:3   | Noticed a greater mummy
 51556 | Tomb:3   | Killed a greater mummy
 51556 | Tomb:3   | Reached XP level 26. HP: 247/247 MP: 36/36
 51588 | Tomb:3   | Noticed an ancient lich
 51595 | Tomb:3   | Killed an ancient lich
 51604 | Tomb:3   | Got a golden rune of Zot
 51897 | Tomb:3   | Reached XP level 27. HP: 254/254 MP: 37/37
 51924 | Tomb:3   | Identified the Compendium of Lethal Lightness
 52738 | Dis:1    | Entered Level 1 of the Iron City of Dis
 52738 | Dis:1    | Found a gateway to Hell.
 53184 | Dis:2    | Found a gateway to Hell.
 53778 | Dis:2    | Was forgiven by Trog
 53942 | Dis:3    | Found a gateway to Hell.
 54031 | Dis:4    | Found a gateway to Hell.
 54031 | Dis:4    | Found a gateway to Hell.
 54038 | Dis:4    | Found a gateway to Hell.
 54104 | Dis:5    | Found a gateway to Hell.
 54566 | Dis:6    | Found a gateway to Hell.
 54585 | Dis:7    | Entered Level 7 of the Iron City of Dis
 54585 | Dis:7    | Found a gateway to Hell.
 54598 | Dis:7    | Found a gateway to Hell.
 54926 | Hell     | Gained mutation: You are clumsy. (Dex -2) [evolution]
 55114 | Dis:2    | Found a gateway to Hell.
 55157 | Dis:3    | Found a gateway to Hell.
 55235 | Dis:5    | Found a gateway to Hell.
 55330 | Dis:6    | Found a gateway to Hell.
 55612 | Dis:7    | Thrown by an iron giant

Vault maps used:
D:1:      matt_arrival_grand_opening, minmay_liquid_box
D:2:      first_bread, st_stairs_12, grunt_ministairs_11,
          okawaru_ov_weapons_minmay, uniq_robin, uniq_sigmund
D:3:      marbit_many_paths, corexii_leaking_fountain, uniq_iyjb
D:4:      lemuel_doored_altar, grunt_ministairs_14, kennysheep_generic_room_9
D:5:      grunt_temple_overflow_open, temple_hall, dk_noncrumbling_4,
          cheibrodos_ashenzari_chains
D:6:      uniq_pikel
D:7:      lemuel_crystal_altar, cheibriados_altar_1, grunt_ogre_cave,
          minmay_misc_feat_x
D:8:      wad_woods_stonehenge, nicolae_overflow_crystal_walls,
          old_standard_altar, david_lair_generic, enter_bailey_2,
          jmf_multi_god_temple2, uniq_joseph
D:11:     orc_0_dummy, serial_glass, glass_columns_a, glass_columns_c
D:12:     grunt_ministairs_7
D:13:     erik_vaults_2, enter_trove_0
D:14:     serial_park_square2, david_greed, uniq_kirke
D:15:     hangedman_depths_entry_try_elsewhere_first, minmay_door_square,
          minmay_hedge_maze
Lair:2:   minmay_holes, lemuel_fruit_tree
Lair:3:   lemuel_fruit_fields, infiniplex_staircase_pool_2
Lair:4:   lemuel_old_faithful
Lair:5:   elwin_shoals_entry_rocks
Lair:6:   spider_nest_entry_web_field, slime_altar_1, basic_altar,
          guppyfry_lair_drakes, uniq_rupert
Lair:7:   lab_entry_generic, grunt_megastairs_3
Lair:8:   due_jungle_book, portal_ice_cave_entry_pillars_02, zaba_anthell,
          uniq_josephine
Shoals:2: lemuel_centaur_altar
Shoals:3: nicolae_shoals_circle_sea_wall
Shoals:4: shoals_end_grunt_garden, shoal_ilsuiw
Spider:2: hangedman_stitches_earthworm
Spider:4: guppyfry_spider_rune
Slime:4:  nicolae_slime_round_cave
Orc:1:    basic_altar
Orc:2:    st_orc_open, uniq_donald
Elf:1:    eino_elf_arrival_altar, minmay_elf_annihilation, grunt_ministairs_4,
          due_unseen_surprise, uniq_aizul
Elf:3:    grunt_elf_hall_branching, minmay_misc_feat_pillars, st_stairs_2
Vaults:1: nicolae_vaults_alarming, st_eye, nicolae_vaults_angled_halls,
          nicolae_vaults_little_squares_1, ontoclasm_vaults_twist,
          hangedman_vaults_snaps, serial_shops, nicolae_shop_trees, uniq_norris
Vaults:2: grunt_vaults_focal, vaults_standard_mumra_enter_the_diamond,
          hangedman_vaults_restitches, vaults_dpeg_hooks,
          ontoclasm_vaults_decontamination, ontoclasm_vaults_shuriken
Vaults:3: vaults_room_octagon, vaults_standard_mumra_enter_the_diamond,
          v_misc_18, st_lattice, hangedman_vaults_corner_blocks,
          hangedman_vaults_slice, ontoclasm_vaults_hangar,
          minmay_crypt_entry_necro_gods, v_misc_19,
          nicolae_vaults_little_squares_6, v_misc_14
Vaults:4: ontoclasm_vaults_gateway, vaults_room_large_hall, v_misc_32,
          v_pattern_4, nicolae_vaults_three_branches,
          dpeg_vaults_pockets_of_resistance, hangedman_vaults_pinch,
          hangedman_vaults_corner, nicolae_vaults_little_squares_5, v_rooms_5
Crypt:2:  stair_cage_line
Crypt:3:  evilmike_haunted_forest, uniq_wiglaf
Tomb:2:   uniq_jory
Depths:1: enter_ziggurat_d, grunt_hell_entry_dis_grunt,
          hangedman_decor_peaks_small, xom_teletrap_fun
Dis:1:    nrook_loot_triangle
Dis:5:    grunt_deathspiral_small
Dis:7:    iron_city_of_dis
Lab:      labyrinth_mini_lab, nicolae_lab_plus
Trove:    trove_simple
Bailey:   bailey_axe_bossmonster_kennysheep, bailey
IceCv:    ice_cave_statue_garden_02

Skill      XL: |  1  2  3  4  5  6  7  8  9 10 11 12 13 14 15 16 17 18 19 20 21 22 23 24 25 26 27 |
---------------+----------------------------------------------------------------------------------+-----
Axes           | 4 5 6 7 8 9 11 13 16 18 19 21 24 26 | 26.1
Fighting       | 5 10 12 14 16 17 19 20 21 23 | 23.2
Armour         | 5 9 11 12 14 15 17 18 20 21 22 | 22.8
Dodging        | 3 9 11 13 15 16 18 19 | 19.7
Invocations    | 12 18 21 22 25 | 25.6

Action                   |  1- 3 |  4- 6 |  7- 9 | 10-12 | 13-15 | 16-18 | 19-21 | 22-24 | 25-27 || total
-------------------------+-------+-------+-------+-------+-------+-------+-------+-------+-------++-------
Melee: Hand axe          |    45 |   111 |   254 |       |       |       |       |       |       ||   410
       Broad axe         |       |       |     8 |   414 |       |       |       |       |       ||   422
       Executioner's axe |       |       |       |    73 |   923 |   924 |   839 |  1124 |   716 ||  4599
Invok: Berserk           |     1 |     3 |     7 |     3 |     7 |     2 |       |       |       ||    23
       Burn Spellbooks   |       |       |     2 |     3 |     3 |     3 |    10 |     1 |       ||    22
       Trog's Hand       |       |       |     1 |     2 |     5 |    10 |     8 |     3 |       ||    29
       Brothers in Arms  |       |       |       |     3 |       |     8 |     5 |       |       ||    16
       Brand Weapon With |       |       |       |       |       |       |       |     1 |       ||     1
       Cleansing Flame   |       |       |       |       |       |       |       |    18 |    25 ||    43
       Summon Divine War |       |       |       |       |       |       |       |       |     5 ||     5
       Divine Shield     |       |       |       |       |       |       |       |       |     1 ||     1
 Abil: Stop Flying       |       |       |       |       |       |     1 |       |       |       ||     1
Evoke: Wand              |       |       |       |     2 |     6 |       |     9 |       |       ||    17
  Use: Scroll            |       |     2 |     9 |    15 |     9 |    11 |    21 |     7 |     5 ||    79
       Potion            |       |       |       |     5 |     5 |     5 |     8 |     2 |    10 ||    35
 Stab: Distracted        |       |       |     2 |       |       |     1 |     2 |       |       ||     5
       Confused          |       |       |       |     1 |       |       |       |       |       ||     1
       Invisible         |       |       |       |       |       |     6 |     1 |       |       ||     7
       Held in net/web   |       |       |       |       |       |     1 |       |       |       ||     1
  Eat: Chunk             |     2 |     7 |     8 |    13 |     7 |     5 |     1 |    10 |       ||    53
       Pizza             |       |     1 |       |     1 |     2 |       |     1 |     1 |       ||     6
       Bread ration      |       |       |     1 |     3 |     3 |     2 |     2 |     3 |       ||    14
       Fruit             |       |       |     1 |       |     1 |       |       |       |       ||     2
       Royal jelly       |       |       |     1 |       |       |       |     1 |       |       ||     2
       Beef jerky        |       |       |     3 |     2 |     2 |     1 |       |       |     4 ||    12
       Meat ration       |       |       |     1 |     2 |     3 |     5 |     3 |     3 |     2 ||    19
